 Dungeon Crawl Stone Soup version 0.31-a0-1467-g53b6572822 (webtiles) character file.

Game seed: 8595465404451926946

55 walkinthepark the Changeling (level 3, -1/23 HPs)
             Began as an Octopode Shapeshifter on Dec 28, 2023.
             Killed by divine providence
             ... invoked by an orc priest
              (13 damage)
             ... on level 4 of the Dungeon.
             The game lasted 00:04:28 (2075 turns).

walkinthepark the Changeling (OpSh)                 Turns: 2075, Time: 00:04:29

Health: -1/23      AC:  1    Str: 13    XL:     3   Next: 93%
Magic:  12/12      EV: 13    Int: 12    God:
Gold:   192        SH:  0    Dex: 13    Spells: 2/2 levels left

rFire   . . .        f - +5 dagger (venom)
rCold   . . .        (no shield)
rNeg    . . .        (helmet currently unavailable)
rPois   .            (no amulet)
rElec   .            h - ring of magical power
rCorr   +            r - ring of resist corrosion
SInv    .            (no ring)
Will    .....        (no ring)
Stlth   +++          (no ring)
HPRegen 0.23/turn    (no ring)
MPRegen 0.13/turn    (no ring)
                     (no ring)

%: no passive effects
@: beast-form
A: beast (slay +2), almost no armour, amphibious, 8 rings, camouflage 1,
gelatinous body 1, (nimble swimmer 1), tentacles
a: Begin Untransformation


You were on level 4 of the Dungeon.
You were a hulking beast.
You visited 1 branch of the dungeon, and saw 4 of its levels.

You collected 192 gold pieces.

Inventory:

Hand Weapons
 f - a +5 dagger of venom (weapon)
 j - a +3 dagger
 l - a +1 whip of flaming
Jewellery
 h - a ring of magical power (left tentacle)
 r - a ring of resist corrosion (right tentacle)
 v - a +5 ring of evasion
Talismans
 b - a beast talisman
 c - a flux talisman
Wands
 t - a wand of iceblast (11)
Scrolls
 e - a scroll of teleportation {unknown}
 g - a scroll of revelation {unknown}
 n - 2 scrolls of fear
Potions
 a - 2 potions of lignification
 d - 2 potions of curing
 i - a potion of attraction
 m - a potion of brilliance
 p - a potion of resistance
 s - a potion of berserk rage {unknown}


   Skills:
 - Level 1.3 Fighting
 + Level 1.6 Short Blades
 - Level 2.0 Dodging
 + Level 1.9 Stealth
 - Level 3.1 Unarmed Combat
 - Level 3.6 Shapeshifting


You had 2 spell levels left.
You didn't know any spells.
Your spell library contained the following spells:

 Spells                   Type           Power      Damage    Failure   Level
 Foxfire                  Conj/Fire      0%         2x1d4     32%         1
 Magic Dart               Conj           0%         1d3       32%         1
 Searing Ray              Conj           0%         2d4       45%         2
 Stone Arrow              Conj/Erth      0%         3d7       69%         3
 Fulminant Prism          Conj/Alch      0%         3d5       97%         4
 Plasma Beam              Fire/Air       0%         2x1d10    100%        6
 Starburst                Conj/Fire      0%         6d3       100%        6
 Lehudib's Crystal Spear  Conj/Erth      0%         10d2      100%        8
 Animate Armour           Summ/Erth      Unusable   N/A       N/A         4

Dungeon Overview and Level Annotations

Branches:
Dungeon (4/15)
 Temple: D:4-7

Altars:
Elyvilon
Wu Jian

Shops:
D:3 (


Innate Abilities, Weirdness & Mutations

You are a hulking beast.
Your limbs bulge with bestial killing power. (Slay +2)
You cannot wear most types of armour.
You are amphibious.
You can wear up to eight rings at the same time.
Your skin changes colour to match your surroundings (Stealth+).
Your rubbery body absorbs attacks. (AC +1, EV +1)
((You are camouflaged when in or above water. (Stealth+)))
You have tentacles for arms and can constrict up to eight enemies at once.


Message History

Found a potion of lignification.
There is a stone staircase leading up here.
Unknown command.
An adder comes into view.
Found a scroll labelled SIUNNA DAJOD.
a - 2 potions of lignification (gained 1)
There are no items here.
Found an ornate altar of the Wu Jian Council.
Found a stone staircase leading up.
e - a scroll labelled SIUNNA DAJOD
There are no items here.
Found a stone staircase leading down.
There is a stone staircase leading up here.
There is a stone staircase leading up here.
Found 3 poisoned darts.
You enter the deep water.
The adder bites you. x2
You hit the adder.
The adder is poisoned.
Your grab misses the adder.
The adder is heavily wounded.
The adder bites you.
You hit the adder.
The adder looks as sick as possible!
You grab the adder. You squeeze the adder.
You kill the adder!
You see here an adder corpse.
You start resting.
HP restored.
There is an ornate altar of the Wu Jian Council here.
Found an escape hatch in the ceiling.
There is an escape hatch in the ceiling here.
Found a stone staircase leading up.
An orc comes into view. It is wielding a +0 short sword.
An orc is nearby!
An orc priest comes into view. It is wielding a +0 whip.
The orc priest mumbles some strange prayers to Beogh against you.
Beogh smites you!
The orc shouts!
You hear a shout!
An orc wizard comes into view. It is wielding a +2 dagger of draining.
The orc priest mumbles some strange prayers to Beogh against you.
Beogh smites you!
Ouch! That really hurt!
You die...

#.####.... #####
#.#####.#.
#...######.<.......
#...........####.#.
#...###..........##
##.## #.##.####..##
#.# #.##.# #..##
#.# #.##.# #..##
#h# #.##.# #..##
#.# #.##.# #..##
#.# #.##.. .....
#o# #.# # #.# ..#


.oo ##. . .. You could see an orc priest, an orc wizard and an orc.

Vanquished Creatures
  An adder (D:4)
  3 worms
  A dart slug (D:3)
  An orc (D:3)
  A ball python (D:2)
  2 endoplasms
  3 giant cockroaches
  5 goblins
  A hobgoblin (D:2)
  3 kobolds
  4 bats
  4 frilled lizards
  6 rats
35 creatures vanquished.

Notes
Turn   | Place    | Note
-------+----------+-------------------------------------------
     0 | D:1      | walkinthepark the Octopode Shapeshifter began the quest for
                  | the Orb.
     0 | D:1      | Reached XP level 1. HP: 13/13 MP: 1/1
   101 | D:1      | Found a faded altar of an unknown god.
   217 | D:1      | Reached XP level 2. HP: 18/18 MP: 2/2
   822 | D:2      | Reached XP level 3. HP: 17/23 MP: 3/3
   887 | D:2      | Found an ornate altar of the Wu Jian Council.
  1060 | D:2      | Reached skill level 1 in Short Blades
  1422 | D:2      | Reached skill level 1 in Stealth
  1440 | D:3      | Found a white marble altar of Elyvilon.
  1749 | D:3      | Found Lamo's Weapon Shoppe.
  1973 | D:4      | Found an ornate altar of the Wu Jian Council.
  2075 | D:4      | Killed from afar by an orc priest

Illustrated notes

Levels and vault maps discovered:
D:1:      sevenhm_arrival_forest_fort_small_3, layout_rooms,
          shapermc_ecumenical_altar_mp_urbaneastern,
          nicolae_kite_square_tiling_tiny, minmay_statues_item
D:2:      layout_rooms, basic_altar, minmay_pentomino_t4
D:3:      layout_basic, mainiacjoe_overflow_concentric_impassable, serial_shops,
          shop
D:4:      minmay_opposing_rooms, layout_loops_ring,
          nicolae_wu_jian_wuxing_cycle, serial_bayou_lagoon_a,
          kennysheep_crisscross

Skill      XL: |  1  2  3 |
---------------+----------+-----
Short Blades   | 1 |  1.6
Stealth        | 1 |  1.9
Fighting       | |  1.3
Dodging        | |  2.0
Unarmed Combat | |  3.1
Shapeshifting  | |  3.6

Action                     || total
---------------------------++-------
  Melee: Unarmed           ||    11
         Constrict         ||    15
         Tentacles         ||     9
         Punch             ||     2
         Dagger            ||    43
    Use: Scroll            ||    11
         Potion            ||     1
   Stab: Sleeping          ||    11
 Armour: Skin              ||    22
  Dodge: Dodged            ||    14

Table legend: (Time is in decaauts)
 A = Elapsed time spent in this place.
 B = Non-inter-level travel time spent in this place.
 C = Inter-level travel time spent in this place.
 D = Time resting spent in this place.
 E = Time spent auto-exploring this place.
 F = Levels seen in this place.
 G = Mean time per level.
                   A        B        C        D        E       F      G
               +--------+--------+--------+--------+--------+-----+--------+
         Total |   2071 |   2012 |     59 |    461 |   1133 |   4 |  517.8 |
       Dungeon |   2071 |   2012 |     59 |    461 |   1133 |   4 |  517.8 |
               +--------+--------+--------+--------+--------+-----+--------+

Top non-repeatable levels by time:
     D:2: 786 daAuts
     D:1: 650 daAuts
     D:3: 527 daAuts
     D:4: 106 daAuts
